AoeStats
← 1648713346

Migration

505832706Analyzed
1v1 RM · 22d ago on Sep 11, 2026· 27m 27s· 2 players
Game mode
Random Map
Map size
132×132
Population
200
Speed
Normal
Resources
Standard
Victory
Conquest
Starting age
Dark Age
Ending age
Imperial Age
RankedLock teamsTeams togetherTeam positionsShared explorationLock speedFull tech treeHidden civsTurbo modeCheats
Victory
Defeat
🇪🇸 Vikings · Spain
944
+14
🇨🇳 Chinese · China
904
-14
1648713346
0:37 Loom
10:27 Feudal Age
11:14 Fishing Lines
12:04 Double-Bit Axe
13:59 Wheelbarrow
22:50 Castle Age
20:39 Horse Collar
23:10 Gold Mining
24:14 Hand Cart
24:19 Medium Warships
24:06 Gillnets
27:37 Careening
Asdellop
11:06 Feudal Age
12:19 Loom
13:48 Town Watch
14:02 Fletching
14:55 Double-Bit Axe
20:33 Castle Age
20:26 Scale Mail Armor
21:31 Bow Saw
21:46 Medium Warships
21:47 Stone Mining
22:25 Gold Mining
23:30 Bodkin Arrow
24:29 Padded Archer Armor
25:17 Ballistics
Connection lost

Rejoining the realm…

Still unreachable

The connection could not be restored.

Session expired

The server has moved on; the page needs a fresh start.